 Dungeon Crawl Stone Soup version 0.24-a0-630-g0d56a851f4 (webtiles) character file.

Game seed: 1353667340157981328, levelgen mode: deterministic

2026 Mame the Cleaver (level 9, -9/75 HPs)
             Began as a Hill Orc Fighter on Sept 20, 2019.
             Was an Initiate of Beogh.
             Killed by divine providence
             ... invoked by an orc priest
              (16 damage)
             ... on level 7 of the Dungeon.
             The game lasted 00:25:08 (9333 turns).

Mame the Cleaver (Hill Orc Fighter)                 Turns: 9333, Time: 00:25:09

Health: -9/75      AC: 13    Str: 27    XL:     9   Next: 23%
Magic:  0/18       EV: 10    Int:  8    God:    Beogh [......]
Gold:   371        SH:  0    Dex: 10    Spells: 8/8 levels left

rFire    . . .     SeeInvis .   v - +2 hand axe (freeze)
rCold    . . .     Gourm    .   (no shield)
rNeg     . . .     Faith    .   Q - +4 ring mail
rPois    .         Spirit   +   (no helmet)
rElec    .         Reflect  .   (no cloak)
rCorr    .         Harm     .   R - +1 pair of gloves
MR       .....                  H - +0 pair of boots
Stlth    ..........             L - amulet of guardian spirit
HPRegen  0.22/turn              r - ring of magical power
MPRegen  0.16/turn              x - +5 ring of strength

@: about to teleport, heavily drained
A: no striking features
a: Renounce Religion


You were on level 7 of the Dungeon.
You worshipped Beogh.
Beogh was noncommittal.
You were not hungry.

You visited 2 branches of the dungeon, and saw 8 of its levels.

You collected 371 gold pieces.

Inventory:

Hand Weapons
 a - a +0 war axe
 v - a +2 hand axe of freezing (weapon)
 J - a +2 flail of crushing
 K - a +2 whip of draining
 M - a +5 battleaxe
 N - a cursed +5 flail
 O - a +5 falchion of freezing
Armour
 c - a +0 shield
 k - a +0 leather armour
 m - a +0 plate armour
 p - a +0 scale mail of positive energy
 w - a +0 chain mail
 E - a +0 ring mail
 H - a +0 pair of boots (worn)
 Q - a +4 ring mail (worn)
 R - a +1 pair of gloves (worn)
Jewellery
 r - a ring of magical power (left hand)
 x - a +5 ring of strength (right hand)
 L - an amulet of guardian spirit (around neck)
Wands
 y - a wand of digging (10)
 G - a wand of disintegration (6)
Scrolls
 i - 3 scrolls of remove curse
 s - 3 scrolls of immolation
 z - a scroll of enchant armour
 A - a scroll of enchant weapon {unknown}
 B - a scroll of vulnerability {unknown}
 C - 2 scrolls of noise {unknown}
 D - a scroll of amnesia {unknown}
 F - a scroll of blinking {unknown}
 P - a scroll of magic mapping {unknown}
Potions
 d - 2 potions of magic
 e - a potion of degeneration {unknown}
 g - a potion of curing
 h - 2 potions of lignification
 j - 2 potions of invisibility {unknown}
 l - 3 potions of haste
 q - a potion of resistance {unknown}
 t - 3 potions of brilliance
 u - a potion of mutation {unknown}
Comestibles
 b - a chunk of flesh
 f - 7 rations


   Skills:
 - Level 6.0(3.3) Fighting
 * Level 11.8(8.8) Axes
 - Level 7.1(4.4) Armour
 + Level 4.6(2.0) Shields


You had 8 spell levels left.
You didn't know any spells.
Your spell library contained the following spells:

 Spells                   Type           Power        Failure   Level  Hunger
 Animate Skeleton         Necr           N/A          54%         1    ##.....
 Apportation              Tloc           #.....       54%         1    ##.....
 Confusing Touch          Hex            #.....       54%         1    ##.....
 Magic Dart               Conj           #...         54%         1    ##.....
 Summon Small Mammal      Summ           #...         54%         1    ##.....
 Blink                    Tloc           N/A          67%         2    ###....
 Call Imp                 Summ           #.......     67%         2    ###....
 Slow                     Hex            #.......     67%         2    ###....
 Conjure Flame            Conj/Fire      #.......     88%         3    ####...
 Mephitic Cloud           Conj/Pois/Air  #.......     88%         3    ####...


Dungeon Overview and Level Annotations

Branches:
Dungeon (7/15)             Temple (1/1) D:4

Altars:
Ashenzari
Cheibriados
Dithmenos
Elyvilon
Fedhas
Gozag
Hepliaklqana
Kikubaaqudgha
Makhleb
Nemelex Xobeh
Okawaru
Qazlal
Ru
Sif Muna
Trog
Uskayaw
Vehumet
Wu Jian
Xom
Yredelemnul
Zin
The Shining One


Message History

The magic dart hits you!
* * * LOW HITPOINT WARNING * * *
As you read the scroll of teleportation, it crumbles to dust.
You feel strangely unstable.
The orc warrior hits you but does no damage.
The orc wizard closely misses you.
You slash the orc wizard! You freeze the orc wizard.
You kill the orc wizard!
Beogh accepts your kill.
You slash the orc warrior! You freeze the orc warrior.
The orc warrior closely misses you.
The orc priest invokes the aid of Beogh against you.
Beogh smites you!
* * * LOW HITPOINT WARNING * * *
Things that are here:
a +0 dagger; a +0 robe; an orc corpse The orc priest calls down the wrath of Beogh upon you.
Beogh smites you!
You die...
Beogh appreciates the orc priest's killing of a heretic priest.

#......
#############..#...
#..............#...
##.###########.####
#<........#..#.####
##.......รท...#.....
#.........##....###
##.#########....###
#@# #....... #o###
######## #o#.. #.#.#
#o#.# # . #.#.#o#.o.
##o#....... #....#
##.###


You could see an orc warrior, 2 orc priests and an orc.

Vanquished Creatures
  A hippogriff (D:7)
  Sigmund (D:3)
  A sky beast (D:6)
  2 phantoms
  A centaur (D:5)
  2 bullfrogs (D:7)
  A water moccasin skeleton (D:5)
  2 scorpions
  8 wights
  2 crimson imps
  2 hounds
  A jelly (D:6)
  4 orc wizards
  An orc priest (D:7)
  Terence (D:2)
  3 iguanas
  2 worker ants
  7 gnolls
  8 adders
  2 shadow imps
  An ooze (D:1)
  An adder zombie (D:7)
  An adder skeleton (D:4)
  3 worms
  7 leopard geckos
  17 orcs
  2 giant cockroaches
  9 goblins
  10 hobgoblins
  10 jackals
  5 kobolds
  4 quokkas
  2 ball pythons
  8 bats
  7 frilled lizards
  A leopard gecko skeleton (D:6)
  2 quokka skeletons
  8 rats
150 creatures vanquished.

Vanquished Creatures (others)
  An orc priest (D:6)
  4 orcs (D:6)
5 creatures vanquished.

Grand Total: 155 creatures vanquished

Notes
Turn   | Place    | Note
-------+----------+-------------------------------------------
     0 | D:1      | Mame the Hill Orc Fighter began the quest for the Orb.
     0 | D:1      | Reached XP level 1. HP: 19/19 MP: 1/1
    69 | D:1      | Reached skill level 3 in Axes
    69 | D:1      | Reached XP level 2. HP: 27/27 MP: 2/2
   724 | D:2      | Reached XP level 3. HP: 33/33 MP: 3/3
  1487 | D:2      | Noticed Terence
  1499 | D:2      | Killed Terence
  1499 | D:2      | Reached skill level 4 in Axes
  1499 | D:2      | Reached XP level 4. HP: 22/41 MP: 4/4
  2379 | D:2      | Found a radiant altar of Vehumet.
  2380 | D:2      | Found a sparkling altar of Nemelex Xobeh.
  2387 | D:2      | Reached XP level 5. HP: 35/47 MP: 5/5
  2565 | D:3      | Noticed Sigmund
  2616 | D:3      | Reached skill level 5 in Fighting
  2616 | D:3      | Reached skill level 5 in Axes
  3427 | D:3      | Killed Sigmund
  3427 | D:3      | Reached skill level 6 in Axes
  3427 | D:3      | Reached XP level 6. HP: 25/56 MP: 6/6
  4474 | D:4      | Reached skill level 5 in Armour
  4536 | D:4      | Reached XP level 7. HP: 52/62 MP: 7/7
  4724 | D:4      | Found a staircase to the Ecumenical Temple.
  4744 | D:4      | Reached skill level 7 in Axes
  4753 | Temple   | Entered the Ecumenical Temple
  5470 | D:5      | Entered Level 5 of the Dungeon
  5470 | D:5      | Found a shattered altar of Ashenzari.
  5615 | D:5      | Reached skill level 8 in Axes
  5985 | D:5      | Reached XP level 8. HP: 61/70 MP: 8/8
  6252 | D:5      | Reached skill level 9 in Axes
  6908 | D:6      | Became a worshipper of Beogh the Brigand
  7430 | D:6      | Reached skill level 10 in Axes
  8585 | D:6      | Found a shimmering blue altar of Sif Muna.
  8804 | D:7      | Reached skill level 11 in Axes
  8819 | D:7      | Reached XP level 9. HP: 69/75 MP: 9/9
  8893 | D:7      | Found an ancient bone altar of Kikubaaqudgha.
  8924 | D:7      | Found a bloodstained altar of Trog.
  9333 | D:7      | Killed from afar by an orc priest

Levels and vault maps discovered:
D:1:      lightli_iron_boxes, layout_rooms
D:2:      minmay_chambers_of_ones, layout_basic,
          gammafunk_temple_overflow_pools, uniq_terence
D:3:      layout_basic, nrook_uturn, grunt_ministairs_15,
          corexii_item_surrounded_by_moat, uniq_sigmund
D:4:      layout_basic, temple_green, serial_forest,
          infiniplex_forest_lined_corner, infiniplex_forest_end_1,
          infiniplex_forest_clump_C, infiniplex_forest_lined_room_2,
          infiniplex_forest_lined_room_2, infiniplex_forest_3_way,
          infiniplex_forest_lined_room_2, infiniplex_forest_lined_3_way,
          infiniplex_forest_straight_2
D:5:      layout_basic, lemuel_crystal_altar, first_ration
D:6:      layout_rooms, basic_altar
D:7:      layout_basic, kennysheep_mini_moat, trog_three_pillars_becter
Temple:   compressed_dpeg_circular_temple

Skill      XL: |  1  2  3  4  5  6  7  8  9 |
---------------+----------------------------+-----
Axes           | 3 4 6 8 11 | 11.8
Fighting       | 4 5 6 |  6.0
Armour         | 4 5 6 7 |  7.1
Shields        | 4 |  4.6

Action                   |  1- 3 |  4- 6 |  7- 9 || total
-------------------------+-------+-------+-------++-------
Melee: War axe           |    34 |       |       ||    34
       Hand axe          |   110 |   169 |   357 ||   636
Invok: Convert to Beogh  |       |       |     1 ||     1
  Use: Potion            |       |     1 |     4 ||     5
       Scroll            |       |       |    12 ||    12
  Eat: Chunk             |     2 |     6 |     8 ||    16
       Ration            |       |     1 |     3 ||     4
Armor: Scale mail        |    92 |     1 |       ||    93
       Leather armour    |       |    41 |    10 ||    51
       Ring mail         |       |       |    87 ||    87
Dodge: Dodged            |    85 |   102 |   167 ||   354

Table legend:
 A = Non-vault XP
 B = Vault XP
 C = Vault XP percentage of total XP
 D = Non-vault monster count
 E = Vault monster count
 F = Vault count percentage of total count
                 A         B        C        D         E       F
            +---------+---------+-------+---------+---------+-------
      Total |    2620 |     275 |   9.5 |     141 |       9 |   6.0
            +---------+---------+-------+---------+---------+-------
        D:1 |      32 |       0 |   0.0 |      17 |       0 |   0.0
        D:2 |     118 |      43 |  26.7 |      36 |       6 |  14.3
        D:3 |     113 |     232 |  67.2 |      17 |       3 |  15.0
        D:4 |     371 |       0 |   0.0 |      16 |       0 |   0.0
        D:5 |     632 |       0 |   0.0 |      22 |       0 |   0.0
        D:6 |     606 |       0 |   0.0 |      17 |       0 |   0.0
        D:7 |     748 |       0 |   0.0 |      16 |       0 |   0.0
            +---------+---------+-------+---------+---------+-------
